 Dungeon Crawl Stone Soup version 0.29-a0-841-g116ddc6ace (webtiles) character file.

Game seed: 4932640130150499059

891 omnomnOMINOUS the Sneak (level 8, -27/54 HPs)
             Began as an Octopode Wanderer on July 15, 2022.
             Was a Priest of Lugonu.
             Annihilated by an orc warrior
             ... wielding a +0 glaive
              (28 damage)
             ... on level 6 of the Dungeon.
             The game lasted 00:05:55 (4977 turns).

omnomnOMINOUS the Sneak (Octopode Wanderer)         Turns: 4977, Time: 00:05:55

Health: -27/54     AC:  1    Str: 10    XL:     8   Next: 6%
Magic:  13/13      EV: 14    Int: 13    God:    Lugonu [***...]
Gold:   167        SH:  0    Dex: 14    Spells: 12/13 levels left

rFire   . . .      SeeInvis .   a - +7 trident of Valour {flame, rElec rN+ Will++ Int-2}
rCold   . . .      Faith    .   (no shield)
rNeg    + . .      Spirit   .   (helmet restricted)
rPois   .          Reflect  .   C - amulet of regeneration
rElec   +          Harm     .   (no ring)
rCorr   .          Rampage  .   (no ring)
Will    ++...                   (no ring)
Stlth   ++++......              (no ring)
HPRegen 0.98/turn               (no ring)
MPRegen 0.13/turn               (no ring)
                                (no ring)
                                (no ring)

@: no status effects
A: almost no armour, amphibious, 8 rings, camouflage 1, gelatinous body 1,
(nimble swimmer 1), tentacles
a: Renounce Religion, Depart the Abyss, Bend Space, Banish


You were on level 6 of the Dungeon.
You worshipped Lugonu.
Lugonu was most pleased with you.
You visited 1 branch of the dungeon, and saw 6 of its levels.

You collected 167 gold pieces.

Inventory:

Hand Weapons
 a - the +7 trident of Valour (weapon) {flame, rElec rN+ Will++ Int-2}
   (You found it on level 2 of the Dungeon)

   It burns those it strikes, dealing additional fire damage.
   Int:       It affects your intelligence (-2).
   rElec:     It insulates you from electricity.
   rN:        It protects you from negative energy.
   Will:      It greatly increases your willpower.
 r - a +2 dagger of protection
 s - a +1 short sword of electrocution
 w - a +1 mace of protection
 x - a +1 dagger of holy wrath
 z - a +1 dagger of venom
Missiles
 b - an atropa-tipped dart (quivered)
 c - a datura-tipped dart
 n - a throwing net
Jewellery
 v - an amulet of magic regeneration
 C - an amulet of regeneration (around mantle)
Wands
 D - a wand of iceblast (12)
 E - a wand of paralysis (12)
Scrolls
 d - a scroll of amnesia {unknown}
 e - 2 scrolls of fog
 f - a scroll of enchant weapon {unknown}
 h - 2 scrolls of magic mapping {unknown}
 i - 2 scrolls of enchant armour {unknown}
 l - a scroll of poison {unknown}
 o - a scroll of teleportation {unknown}
 u - a scroll of immolation {unknown}
 y - 2 scrolls of fear {unknown}
 A - a scroll of silence {unknown}
 B - 2 scrolls of identify {unknown}
Potions
 g - a potion of brilliance {unknown}
 j - a potion of resistance {unknown}
 k - a potion of mutation {unknown}
 m - a potion of haste {unknown}
 p - a potion of curing
 q - a potion of flight {unknown}
 t - a potion of cancellation {unknown}


   Skills:
 + Level 4.8 Fighting
 * Level 4.6 Polearms
 + Level 3.8 Dodging
 - Level 5.3 Stealth
 + Level 3.4 Spellcasting
 - Level 1.0 Transmutations
 + Level 3.3 Invocations


You had 12 spell levels left.
You knew the following spells:

 Your Spells              Type           Power      Damage    Failure   Level
a - Sting                 Tmut/Pois      12%        1d3       19%         1

Your spell library contained the following spells:

 Spells                   Type           Power      Damage    Failure   Level
 Necrotise                Necr           8%         1d4       22%         1
 Blink                    Tloc           4%         N/A       32%         2
 Scorch                   Fire           4%         2d5       32%         2
 Spider Form              Tmut/Pois      3%         N/A       47%         3
 Lesser Beckoning         Tloc           2%         N/A       54%         3
 Vampiric Draining        Necr           2%         2d6       54%         3
 Flame Wave               Conj/Fire      2%         2d4       91%         4
 Agony                    Necr           2%         N/A       99%         5
 Manifold Assault         Tloc           2%         N/A       99%         5
 Summon Cactus Giant      Summ           1%         N/A       100%        6


Dungeon Overview and Level Annotations

Branches:
Dungeon (6/15)             Temple (0/1) D:6

Altars:
Trog
Lugonu

Shops:
D:2 ?

Annotations:
D:6 exclusion: oklob sapling


Innate Abilities, Weirdness & Mutations

You cannot wear most types of armour.
You are amphibious.
You can wear up to eight rings at the same time.
Your skin changes colour to match your surroundings (Stealth+).
Your rubbery body absorbs attacks. (AC +1, EV +1)
((You are camouflaged when in or above water. (Stealth+)))
You have tentacles for arms and can constrict up to eight enemies at once.


Message History

The orc warrior closely misses you.
You reach to attack!
You hit the orc warrior. You burn the orc warrior.
The orc warrior is moderately wounded.
The orc warrior barely misses you.
You reach to attack!
You hit the orc warrior. You burn the orc warrior.
The orc warrior is moderately wounded.
The orc warrior misses you.
You reach to attack!
You barely miss the orc warrior.
The orc warrior is moderately wounded.
The orc warrior hits you from afar with a +0 glaive!
You reach to attack!
You hit the orc warrior. You burn the orc warrior.
The orc warrior is heavily wounded.
The orc warrior barely misses you.
You reach to attack!
You closely miss the orc warrior.
The orc warrior is heavily wounded.
The orc warrior barely misses you.
You reach to attack!
You barely miss the orc warrior.
The orc warrior is heavily wounded.
The orc warrior hits you from afar with a +0 glaive!
You reach to attack!
You closely miss the orc warrior.
The orc warrior is heavily wounded.
The orc warrior misses you.
You reach to attack!
You hit the orc warrior. You burn the orc warrior.
The orc warrior is severely wounded.
The orc warrior hits you from afar with a +0 glaive!
You reach to attack!
You barely miss the orc warrior.
The orc warrior is severely wounded.
The orc warrior hits you from afar with a +0 glaive!!
* * * LOW HITPOINT WARNING * * *
Reach: a) +7 trident of Valour {flame, rElec rN+ Will++ Int-2}
Press: ? - help, Dir - move target, f/p - orc warrior
Aim: an orc warrior, wielding a +0 glaive and wearing a +0 plate armour (severely wounded, about 31% to evade the +7 trident of Valour)
You reach to attack!
You hit the orc warrior but do no damage.
The orc warrior is severely wounded.
The orc warrior hits you from afar with a +0 glaive!
* * * LOW HITPOINT WARNING * * *
The orc warrior hits you from afar with a +0 glaive!!
Ouch! That really hurt!
You die...

.PP..#
P...#
P..##
..o
#.#
#o###
#.o.#
###.#
#@#
#.#
#.#
#.#
#.#
#.#
#.#
#.#
####.#


You could see an orc warrior and an orc.

Vanquished Creatures
  2 ogres
  A scorpion (D:4)
  4 orc priests
  3 hounds
  2 iguanas (D:5)
  8 orc wizards
  10 adders
  2 worms (D:2)
  3 dart slugs
  21 orcs
  4 endoplasms
  2 giant cockroaches (D:2)
  8 goblins
  4 hobgoblins
  2 jackals (D:1)
  2 kobolds
  5 quokkas
  8 ball pythons
  5 bats
  6 frilled lizards
  3 rats
105 creatures vanquished.

Notes
Turn   | Place    | Note
-------+----------+-------------------------------------------
     0 | D:1      | omnomnOMINOUS the Octopode Wanderer began the quest for the
                  | Orb.
     0 | D:1      | omnomnOMINOUS set off with the following items: a +0
                  | dagger, an atropa-tipped dart, a datura-tipped dart, a
                  | potion of curing, a scroll of fog; and the following spell
                  | memorised: Sting; and the following spells available to
                  | memorise: Spider Form.
     0 | D:1      | Reached XP level 1. HP: 16/16 MP: 2/2
    33 | D:1      | Reached XP level 2. HP: 21/21 MP: 3/3
   468 | D:1      | Reached XP level 3. HP: 16/26 MP: 5/5
   899 | D:2      | Found Yduy's Magic Scroll Shoppe.
   955 | D:2      | Found a faded altar of an unknown god.
   959 | D:2      | Prayed at the altar of an unknown god.
   959 | D:2      | Became a worshipper of Lugonu the Unformed
   959 | D:2      | Reached * piety under Lugonu
   959 | D:2      | Reached ** piety under Lugonu
  1055 | D:2      | Identified the +7 trident of Valour {flame, rElec rN+
                  | Will++ Int-2}
  1594 | D:3      | Reached XP level 4. HP: 31/31 MP: 6/6
  1825 | D:3      | Found a bloodstained altar of Trog.
  1934 | D:3      | Reached skill level 1 in Polearms
  2121 | D:4      | Reached skill level 1 in Invocations
  2132 | D:4      | Reached XP level 5. HP: 24/37 MP: 8/8
  2508 | D:4      | Reached *** piety under Lugonu
  2600 | D:4      | Reached XP level 6. HP: 30/43 MP: 9/9
  3433 | D:4      | Reached XP level 7. HP: 39/49 MP: 11/11
  3761 | D:5      | Entered Level 5 of the Dungeon
  4762 | D:5      | Reached XP level 8. HP: 16/54 MP: 13/13
  4961 | D:6      | Found a staircase to the Ecumenical Temple.
  4977 | D:6      | HP: 1/54 [orc warrior/+0 glaive (15)]
  4977 | D:6      | Annihilated by an orc warrior

Illustrated notes

Levels and vault maps discovered:
D:1:      spicycebolla_arrival_xxxplode, layout_rooms, serial_rivers,
          chequers_serial_rivers_micro_c, chequers_serial_rivers_micro_e,
          chequers_serial_rivers_room_b, chequers_serial_rivers_large_a,
          chequers_serial_rivers_small_b
D:2:      layout_basic, serial_shops, shop,
          hellmonk_ecumenical_altar_heavens_door
D:3:      layout_loops_cross, lightli_temple_of_fire
D:4:      layout_gridville, serial_park_tiny_pond
D:5:      layout_loops_ring, serial_co_window_serial, co_window_corner_a,
          co_window_paths_a, co_window_corner_a, co_window_paths_a,
          co_window_of_opportunity_a, co_window_corner_ca,
          co_window_unsneaky_path_e, co_window_corner_b,
          co_window_unsneaky_path_d, co_window_4corner_b, glass_columns_b,
          glass_columns_b, glass_columns_b, nrook_uturn
D:6:      layout_loops_ring, grunt_temple_overflow_holy_war,
          nicolae_gozag_zags_fifth_avenue, minmay_temple_entry_oklob,
          nicolae_lava_and_water

Skill      XL: |  1  2  3  4  5  6  7 |
---------------+----------------------+-----
Dodging        | 2 3 |  3.8
Polearms       | 1 2 3 4 |  4.6
Spellcasting   | 2 3 |  3.4
Invocations    | 1 2 3 |  3.3
Fighting       | 4 |  4.8
Stealth        | |  5.3
Transmutations | |  1.0

Action                   |  1- 3 |  4- 6 |  7- 9 || total
-------------------------+-------+-------+-------++-------
Melee: Dagger            |    53 |       |       ||    53
       Constrict         |    13 |    13 |     7 ||    33
       Tentacles         |     7 |     9 |    10 ||    26
       Punch             |     1 |       |     1 ||     2
       Trident           |    20 |    73 |    66 ||   159
  Use: Potion            |       |     4 |       ||     4
 Stab: Sleeping          |    19 |    13 |     6 ||    38
       Distracted        |       |     1 |       ||     1
Armor: Skin              |     8 |     4 |     2 ||    14
Dodge: Dodged            |    37 |    29 |    23 ||    89

Table legend: (Time is in decaauts)
 A = Elapsed time spent in this place.
 B = Non-inter-level travel time spent in this place.
 C = Inter-level travel time spent in this place.
 D = Time resting spent in this place.
 E = Time spent auto-exploring this place.
 F = Levels seen in this place.
 G = Mean time per level.
                   A        B        C        D        E       F      G
               +--------+--------+--------+--------+--------+-----+--------+
         Total |   5001 |   4789 |    212 |    224 |   3844 |   6 |  833.5 |
       Dungeon |   5001 |   4789 |    212 |    224 |   3844 |   6 |  833.5 |
               +--------+--------+--------+--------+--------+-----+--------+

Top non-repeatable levels by time:
     D:4: 1665 daAuts
     D:5: 1146 daAuts
     D:2: 780 daAuts
     D:1: 727 daAuts
     D:3: 607 daAuts
     D:6: 74 daAuts
